Map: Deathaura LE

Players

Overmind

  • Race: Protoss Protoss
  • League: Gold
  • Spawn Location: 5:00

ViBE - Winner!

  • Race: Terran Terran
  • League: Gold
  • Spawn Location: 11:00

VOD

Have the link to the VOD?

Description

Time

  • Played on: March 21, 2021, 6:42 p.m.
  • Length: 22:39
Show
View Real Time Build Order
Export as new Build Order

Overmind Protoss 

Build Orders: 1 Gate Expand 

Get SALT Encoding   

  12  0:00  Probe  
  13  0:12  Probe  
  14  0:19  Pylon  
  14  0:25  Probe  
  15  0:33  Assimilator  
  15  0:37  Probe  
  16  0:45  Gateway  
  16  0:49  Probe (Chrono Boost)  
  17  1:01  Probe (Chrono Boost)  
  18  1:05  Probe (Chrono Boost)  
  19  1:15  Probe  
  20  1:28  Probe  
  21  1:35  Nexus  
  21  1:45  Cybernetics Core  
  21  1:51  Pylon  
  21  2:01  Assimilator  
  21  2:08  Gateway  
  21  2:13  Probe (Chrono Boost)  
  22  2:22  Stalker  
  24  2:25  Probe (Chrono Boost)  
  25  2:34  Probe (Chrono Boost), Warp Gate  
  26  2:39  Probe  
  27  2:47  Probe (Chrono Boost)  
  28  2:52  Stalker  
  28  2:53  Probe (Chrono Boost)  
  28  2:55  Stalker  
  33  2:59  Probe (Chrono Boost)  
  33  3:04  Probe (Chrono Boost)  
  35  3:08  Probe (Chrono Boost)  
  35  3:09  Pylon  
  35  3:10  Probe (Chrono Boost)  
  37  3:14  Probe (Chrono Boost)  
  37  3:18  Probe  
  39  3:23  Stalker  
  39  3:25  Probe  
  42  3:29  Stalker  
  42  3:30  Probe  
  45  3:38  Probe  
  45  3:40  Pylon  
  46  3:42  Probe  
  47  3:51  Probe  
  47  3:53  Stalker  
  50  3:59  Stalker  
  52  4:04  Robotics Facility  
  52  4:09  Twilight Council  
  52  4:12  Gateway  
  52  4:17  Gateway  
  52  4:21  Gateway  
  52  4:26  Gateway  
  52  4:30  Gateway  
  52  4:33  Stalker  
  52  4:37  Stalker  
  56  4:49  Charge  
  56  4:54  Gateway  
  56  4:56  Gateway  
  56  4:58  Gateway  
  56  5:06  Pylon  
  56  5:08  Probe x2  
  56  5:15  Pylon  
  56  5:18  Pylon  
  56  5:20  Probe  
  53  5:22  Probe  
  54  5:28  Pylon  
  54  5:32  Probe  
  54  5:34  Probe  
  56  5:38  Assimilator  
  56  5:40  Assimilator  
  56  5:45  Probe, Nexus  
  56  5:46  Probe  
  56  5:49  Pylon  
  58  5:52  Pylon  
  59  5:57  Probe  
  59  5:58  Probe  
  60  6:08  Forge  
  60  6:09  Probe  
  60  6:10  Probe  
  62  6:11  Forge  
  62  6:13  Forge  
  62  6:26  Probe x2  
  62  6:29  Blink  
  64  6:38  Probe  
  64  6:39  Probe  
  66  6:42  Protoss Ground Weapons Level 1 (Chrono Boost), Protoss Ground Armor Level 1 (Chrono Boost)  
  66  6:43  Protoss Shields Level 1 (Chrono Boost)  
  66  6:48  Pylon  
  66  6:50  Probe  
  66  6:51  Probe, Pylon  
  68  6:57  Pylon  
  68  6:59  Probe  
  68  7:00  Pylon  
  69  7:03  Probe x2  
  69  7:04  Pylon  
  69  7:05  Observer  
  69  7:07  Pylon  
  72  7:11  Probe  
  72  7:15  Probe  
  74  7:17  Robotics Facility  
  74  7:22  Templar Archives  
  74  7:23  Dark Shrine  
  74  7:24  Robotics Bay  
  74  7:36  Assimilator  
  74  7:40  Assimilator  
  74  7:45  Nexus  
  74  7:47  Pylon  
  74  7:48  Pylon  
  68  7:55  Zealot x2  
  68  7:56  Zealot x6  
  77  8:37  Probe x3  
  80  8:46  Protoss Ground Weapons Level 2 (Chrono Boost), Protoss Ground Armor Level 2 (Chrono Boost)  
  80  8:47  Protoss Shields Level 2 (Chrono Boost)  
  80  8:48  Extended Thermal Lance  
  80  8:49  Probe x3  
  80  8:53  Colossus  
  80  8:54  Colossus  
  95  9:01  Probe x3  
  98  9:13  Probe x3  
  101  9:21  Probe  
  101  9:23  Psionic Storm  
  102  9:25  Probe x3  
  105  9:33  Probe  
  105  9:37  Probe x3  
  109  9:45  Probe, Gateway  
  110  9:47  Gateway  
  110  9:49  Probe  
  110  9:51  Gateway  
  111  9:52  Assimilator  
  111  9:54  Assimilator  
  111  9:56  Gateway  
  111  10:00  Gateway  
  111  10:06  Gateway  
  111  10:10  Gateway  
  111  10:13  Gateway  
  111  10:15  Gateway  
  111  10:19  Gateway  
  111  10:22  Gateway  
  111  10:28  Pylon  
  111  10:29  Colossus x2  
  111  10:31  Gateway  
  111  10:34  Gateway  
  123  10:36  Gateway  
  60  12:34  Zealot x3  
  60  12:35  Zealot x7  
  78  12:40  Zealot x2  
  78  12:41  Zealot x7  
  94  12:48  Protoss Ground Armor Level 3 (Chrono Boost), Protoss Shields Level 3 (Chrono Boost)  
  94  12:49  Protoss Ground Weapons Level 3 (Chrono Boost)  
  94  12:51  Nexus  
  90  13:05  Stalker x2  
  90  13:06  Stalker x8  
  90  13:07  Stalker x7  
  90  13:08  Stalker x2  
  128  13:45  Stalker x2  
  128  13:46  Stalker x5  
  128  13:47  Stalker x7  
  128  13:48  Stalker x5  
  166  13:56  Pylon  
  166  14:01  Pylon  
  166  14:03  Pylon  
  166  14:05  Pylon  
  166  14:22  Assimilator, Stalker  
  166  14:23  Stalker x5  
  166  14:24  Assimilator, Stalker x4  
  186  14:33  Stalker x2  
  190  14:56  Stalker x5  
  200  15:18  Gateway  
  200  15:22  Gateway  
  200  15:27  Gateway  
  200  15:30  Gateway  
  200  15:32  Gateway  
  200  15:36  Gateway  
  200  15:38  Gateway  
  200  15:44  Gateway  
  200  15:46  Gateway  
  200  15:48  Gateway  
  198  15:52  Gateway  
  155  16:50  Pylon  
  155  16:51  Pylon  
  155  16:52  Zealot x3  
  155  16:53  Pylon, Zealot x7  
  155  16:54  Zealot x5  
  131  16:55  Zealot x3, Pylon  
  131  16:56  Pylon  
  131  16:58  Pylon  
  131  17:00  Pylon  
  105  17:38  Nexus  
  105  17:41  Assimilator  
  105  17:47  Nexus  
  105  17:54  Probe (Chrono Boost)  
  105  17:55  Probe (Chrono Boost)  
  109  18:05  Probe (Chrono Boost)  
  109  18:06  Probe (Chrono Boost)  
  109  18:10  Probe x2 (Chrono Boost)  
  105  18:20  Probe, High Templar x4  
  105  18:21  Probe, High Templar  
  105  18:22  High Templar x4  
  125  18:33  Probe  
  113  18:49  Zealot x5  
  113  18:50  Zealot  
  44  19:48  Zealot  
  44  19:49  Zealot x6  
  58  20:12  High Templar  
  58  20:13  High Templar x4  
  58  20:14  High Templar  
  48  20:25  High Templar x4  
  48  20:26  High Templar x2  
  50  20:41  High Templar x4  
  50  20:42  High Templar  
  38  21:04  Dark Templar  
  38  21:05  Dark Templar  
  21  21:30  Dark Templar  
Show
View Real Time Build Order
Export as new Build Order

ViBE Terran - Winner!

Build Orders:  

Get SALT Encoding   

  12  0:00  SCV  
  13  0:12  SCV  
  14  0:18  Supply Depot  
  14  0:31  SCV  
  15  0:42  Barracks  
  15  0:43  SCV  
  15  0:48  Refinery  
  16  1:03  SCV  
  17  1:15  SCV  
  18  1:27  SCV  
  19  1:33  Marine  
  19  1:39  Command Center  
  20  1:44  Orbital Command  
  20  1:54  Marine  
  20  2:00  Supply Depot  
  21  2:12  SCV  
  21  2:14  Factory  
  22  2:26  SCV  
  22  2:28  Barracks Reactor  
  23  2:39  SCV  
  24  2:51  SCV  
  25  2:52  Orbital Command  
  25  2:59  Refinery, Factory Tech Lab  
  25  3:05  SCV  
  26  3:10  Marine x2  
  28  3:19  Siege Tank  
  31  3:27  Barracks  
  31  3:28  Marine x2  
  31  3:29  SCV x2  
  35  3:41  SCV x2  
  35  3:47  Marine x2, Supply Depot  
  39  3:53  SCV  
  39  3:54  SCV  
  41  3:57  Siege Tank  
  44  4:05  Marine x2  
  44  4:08  SCV x2  
  48  4:10  Supply Depot  
  48  4:16  Barracks Tech Lab  
  48  4:17  Starport  
  48  4:21  SCV x2  
  50  4:25  Marine x2  
  52  4:33  SCV x2  
  52  4:35  Siege Tank, Supply Depot  
  52  4:37  Marine  
  58  4:42  Marine  
  58  4:43  Marine  
  58  4:45  SCV x2  
  62  4:52  Supply Depot  
  62  4:55  Starport Reactor  
  62  4:57  SCV x2  
  62  4:59  Command Center  
  64  5:03  Stimpack  
  64  5:05  Marine x3  
  67  5:09  SCV x2  
  67  5:12  Supply Depot  
  68  5:21  SCV x2  
  68  5:22  Supply Depot  
  70  5:30  Refinery  
  70  5:31  Refinery  
  70  5:33  Supply Depot x2  
  70  5:34  SCV x2, Marine x3  
  75  5:41  Medivac  
  77  5:44  Medivac  
  79  6:04  Supply Depot x2  
  79  6:08  SCV x2  
  79  6:10  Marine  
  79  6:11  Marine x2  
  84  6:20  Orbital Command, Medivac x2  
  84  6:25  SCV x2  
  90  6:32  Engineering Bay  
  90  6:33  Engineering Bay  
  90  6:36  Barracks  
  90  6:38  Barracks x2  
  90  6:39  SCV x2  
  92  6:40  Barracks  
  92  6:59  SCV  
  92  7:00  SCV x2  
  95  7:01  Combat Shield  
  95  7:02  Orbital Command, Marine x3  
  95  7:04  Medivac x2  
  102  7:11  SCV  
  102  7:12  SCV  
  104  7:24  SCV x2  
  106  7:36  Marine  
  106  7:37  Marine x2  
  106  7:39  Barracks Reactor x4  
  109  7:46  Medivac x2  
  109  7:48  Terran Infantry Armor Level 1, Terran Infantry Weapons Level 1  
  113  7:54  Marine x2  
  113  7:55  Marine  
  113  7:56  Supply Depot  
  113  7:57  Supply Depot  
  113  7:58  Supply Depot  
  109  8:12  Marine x2  
  109  8:13  Marine  
  109  8:18  SCV x2  
  110  8:20  Marine x8  
  110  8:21  Command Center  
  110  8:22  Medivac  
  110  8:23  Medivac  
  117  8:28  Armory  
  117  8:30  Marine x3  
  118  8:37  Marine  
  118  8:38  Marine x2  
  118  8:40  Marine x5  
  124  8:50  Supply Depot x2  
  124  9:19  Marine x11  
  135  9:38  Marine x11  
  146  9:51  Command Center  
  146  9:53  Refinery x2  
  146  9:58  Marine x11  
  157  10:01  Terran Infantry Armor Level 2, Terran Infantry Weapons Level 2  
  157  10:02  Terran Vehicle Weapons Level 1  
  157  10:09  Barracks  
  157  10:11  Barracks  
  157  10:16  Marine x9  
  157  10:17  Marine x2  
  168  10:23  Medivac x2  
  172  10:33  Marine  
  172  10:34  Marine x8  
  172  10:35  Marine x2  
  183  10:48  Planetary Fortress  
  183  10:50  SCV x3  
  183  10:51  Marine  
  183  10:52  Marine x7  
  194  11:02  SCV x3  
  197  11:05  Barracks Reactor x2  
  197  11:09  Command Center  
  197  11:14  SCV x3  
  200  11:50  Barracks  
  200  11:51  Barracks  
  200  11:53  Barracks  
  200  11:58  Barracks  
  200  11:59  Barracks  
  200  12:00  Barracks x2  
  200  12:01  Barracks, Factory  
  200  12:02  Barracks x2  
  200  12:03  Starport  
  200  12:05  Barracks x2  
  141  12:20  Marine x10  
  141  12:21  Terran Infantry Weapons Level 3, Terran Infantry Armor Level 3  
  130  12:25  Planetary Fortress  
  121  12:31  Concussive Shells  
  121  12:36  Medivac x2  
  125  12:41  Thor  
  131  12:46  Terran Vehicle Weapons Level 2  
  131  12:50  Barracks Tech Lab x4  
  123  12:54  Factory Tech Lab  
  123  12:56  Barracks Reactor, Starport Reactor  
  123  12:57  Barracks Reactor x7  
  118  13:07  Marine  
  118  13:08  Marine x11  
  118  13:09  Marauder  
  118  13:10  Marauder x4  
  136  13:21  SCV x5  
  127  13:27  Command Center  
  125  13:36  Thor x2  
  125  13:37  Medivac  
  125  13:38  Medivac x3  
  145  13:42  SCV x4  
  145  13:43  SCV  
  150  13:52  Marauder x5  
  150  13:54  SCV x4, Marine  
  150  13:55  SCV, Marine x4  
  168  13:56  Marine  
  168  13:58  Marine x4  
  168  14:00  Marine x2  
  168  14:01  Marine  
  178  14:06  SCV  
  178  14:07  Marine x7  
  178  14:08  Marine  
  178  14:09  Marine x4  
  191  14:16  Marine  
  191  14:17  Marine x4  
  196  14:52  Planetary Fortress  
  196  14:54  Marauder x2  
  196  14:59  Neosteel Armor, Hi-Sec Auto Tracking  
  200  15:02  Terran Vehicle Weapons Level 3  
  200  15:20  Command Center  
  200  15:53  Barracks  
  184  15:57  Barracks x2  
  184  15:58  Barracks x3  
  184  16:00  Barracks x2  
  184  16:19  Marauder x5, Marine x6  
  200  16:42  Barracks Reactor  
  159  16:58  Barracks Reactor x7, Command Center  
  135  17:03  Marauder x5, Marine x5  
  135  17:04  Marine x17  
  135  17:05  Barracks Reactor, Thor x2  
  135  17:06  Medivac x3  
  135  17:07  Medivac  
  158  17:12  Planetary Fortress  
  146  17:16  SCV x5  
  146  17:21  Marine x9  
  146  17:22  Marine x13  
  173  17:24  Marauder  
  173  17:25  Marauder x4  
  173  17:28  SCV x5  
  188  17:39  Marine x6  
  188  17:40  SCV x4, Terran Vehicle And Ship Armor Level 1  
  198  17:46  Marauder  
  198  18:11  Marauder  
  200  18:27  Command Center  
  200  19:01  Command Center  
  195  19:07  Marauder x5, Marine x9  
  195  19:08  Marine x20  
  195  19:09  Thor x2  
  172  19:10  Medivac x4  
  172  19:14  Barracks Reactor  
  172  19:16  Marine x8  
  177  19:17  Marine  
  162  19:26  Marine  
  162  19:27  Marine x27  
  162  19:28  Marauder, Marine  
  162  19:29  Marauder x4  
  197  19:44  Planetary Fortress  
  197  19:50  Marauder  
  198  20:06  Thor  
  198  20:07  SCV  
  198  20:08  SCV  
  200  20:18  Planetary Fortress  
  200  21:03  Marauder x5  
  200  21:04  Marine x21  
  163  21:05  Marine x19  
  163  21:09  Medivac x2  
  163  21:10  Medivac x2  
  163  21:11  Thor x2  
  188  21:21  Marine  
  188  21:22  Marine x8  
  188  21:24  Marauder x5  
  189  21:30  Marine x12  
  200  21:37  Command Center  
  200  21:57  Missile Turret  
  200  21:59  Missile Turret  
  200  22:01  Missile Turret  
  200  22:05  Missile Turret  
  200  22:07  Missile Turret  
  199  22:16  Missile Turret  
  199  22:17  Missile Turret  
  199  22:24  Missile Turret  
Tags
 
League
GoldGold
Matchup
PvT
Player
ViBE
Replay Pack
Gold_League
Spawn Locations
Cross Positions
Add a new tag
Caveats
  • Supply blocks, unpowered buildings, or Contaminate may cause inaccurate times.
  • Supply counts are checked every 10 seconds.